 Dungeon Crawl Stone Soup version 0.31-a0-965-g8a8ce12e04 (webtiles) character file.

Game seed: 9591062397702960588

305 Dordric the Changeling (level 6, -2/47 HPs)
             Began as a Draconian Shapeshifter on Oct 26, 2023.
             Slain by a kobold brigand
             ... wielding a +0 short sword
              (4 damage)
             ... on level 4 of the Dungeon.
             The game lasted 00:02:16 (2796 turns).

Dordric the Changeling (Draconian Shapeshifter)     Turns: 2796, Time: 00:02:16

Health: -2/47      AC:  6    Str: 17    XL:     6   Next: 15%
Magic:  6/6        EV: 11    Int: 10    God:
Gold:   184        SH:  3    Dex: 12    Spells: 5/5 levels left

rFire   . . .        d - +2 whip (venom)
rCold   . . .        j - +0 buckler
rNeg    . . .        (body armour unavailable)
rPois   .            (helmet currently unavailable)
rElec   .            (cloak currently unavailable)
rCorr   .            (gloves currently unavailable)
SInv    +            (boots currently unavailable)
Will    .....        (no amulet)
Stlth   +            e - ring of see invisible
HPRegen 0.27/turn    (no ring)
MPRegen 0.10/turn

%: no passive effects
@: beast-form, attractive, hasted and slowed
A: beast (slay +3), AC +6, unfitting armour, cold-blooded
a: Begin Untransformation


You were on level 4 of the Dungeon.
You were a hulking beast.
You visited 1 branch of the dungeon, and saw 4 of its levels.

You collected 184 gold pieces.

Inventory:

Hand Weapons
 d - a +2 whip of venom (weapon)
Armour
 j - a +0 buckler (worn)
 o - a +2 cloak
 s - a +0 pair of gloves
 v - a scarf of repulsion
Jewellery
 e - a ring of see invisible (left hand)
 t - an amulet of the acrobat
Talismans
 b - a beast talisman
 c - a flux talisman
Scrolls
 f - 3 scrolls of poison {unknown}
 h - 3 scrolls of identify {unknown}
 l - a scroll of fog {unknown}
 m - 3 scrolls of immolation {unknown}
 r - a scroll of enchant armour {unknown}
 u - a scroll of revelation {unknown}
 w - a scroll of teleportation {unknown}
Potions
 a - a potion of lignification
 g - a potion of attraction
 i - a potion of brilliance {unknown}
 k - a potion of cancellation {unknown}
 n - 2 potions of haste
 p - a potion of curing {unknown}
 q - a potion of heal wounds {unknown}


   Skills:
 - Level 1.1 Fighting
 - Level 1.7 Dodging
 - Level 3.0 Unarmed Combat
 + Level 6.5 Shapeshifting


You had 5 spell levels left.
You didn't know any spells.
Your spell library contained the following spells:

 Spells                   Type           Power      Damage    Failure   Level
 Freeze                   Ice            0%         1d3       45%         1
 Necrotise                Necr           0%         1d4       45%         1
 Dazzling Flash           Conj/Hex       0%         N/A       83%         3
 Frozen Ramparts          Ice            0%         1d1       83%         3
 Hailstorm                Conj/Ice       0%         3d3       83%         3
 Vampiric Draining        Necr           0%         2d6       83%         3
 Volatile Blastmotes      Fire/Tloc      0%         2d10      83%         3
 Agony                    Necr           0%         N/A       100%        5
 Starburst                Conj/Fire      0%         6d3       100%        6
 Maxwell's Capacitive Co  Air            0%         ∞         100%        8


Dungeon Overview and Level Annotations

Branches:
Dungeon (4/15)
 Temple: D:4-7

Altars:
Okawaru
Ru
Yredelemnul
The Shining One


Innate Abilities, Weirdness & Mutations

You are a hulking beast.
Your limbs bulge with bestial killing power. (Slay +3)
Your plain brown scales are hard. (AC +6)
You cannot fit into any form of body armour.
You are cold-blooded and may be slowed by cold attacks.


Message History

You have difficulty breathing.
You feel as though you will be slow longer.
You feel very sick.
You feel very sick.
The kobold brigand throws a curare-tipped dart.
The curare-tipped dart barely misses you.
You feel very sick.
You feel sick.
You feel sick.
You feel sick.
A giant cockroach comes into view.
You feel sick.
You are no longer poisoned.
The kobold brigand hits you with a +0 short sword.
* * * LOW HITPOINT WARNING * * *
You hit the kobold brigand.
The kobold brigand is poisoned.
The kobold brigand is lightly wounded.
The giant cockroach bites you but does no damage.
The kobold brigand hits you with a +0 short sword.
* * * LOW HITPOINT WARNING * * *
The giant cockroach barely misses you.
The kobold brigand hits you with a +0 short sword.
* * * LOW HITPOINT WARNING * * *
You hit the kobold brigand. You tail-slap the kobold brigand.
The kobold brigand is severely wounded.
The giant cockroach closely misses you.
The kobold brigand hits you with a +0 short sword.
* * * LOW HITPOINT WARNING * * *
The giant cockroach closely misses you. The kobold brigand barely misses you.
Unknown command.
It was a potion of attraction.
You feel attractive to monsters. The giant cockroach closely misses you.
The kobold brigand hits you but does no damage.
The giant cockroach closely misses you.
It was a potion of haste.
You feel yourself speed up. The giant cockroach barely misses you.
The kobold brigand barely misses you. You block the giant cockroach's attack.
The kobold brigand hits you with a +0 short sword.
You die...

..........K## ...........#
..........## .....(....#
...........# ..# ..........##
#..# ..........## #..# #
...........############...##
###
.............Kh...........###..
..#..........B.................
.####......##########...#......
#...#### #...###...# ##..#
##..## #...# #..## #...# #....
#...# #..## #.... ##...## #..#
#.... #.....## ##..# #...##


You could see a kobold brigand (very poisoned) and a giant cockroach.

Vanquished Creatures
  Sigmund (D:2)
  Crazy Yiuf (D:2)
  An iguana (D:3)
  An adder (D:2)
  A gnoll (D:1)
  A worm (D:3)
  4 bats
  5 endoplasms
  4 giant cockroaches
  6 goblins (D:2)
  13 hobgoblins
  3 quokkas (D:1)
  7 ball pythons
  4 frilled lizards
  6 kobolds (D:1)
  9 rats
67 creatures vanquished.

Notes
Turn   | Place    | Note
-------+----------+-------------------------------------------
     0 | D:1      | Dordric the Draconian Shapeshifter began the quest for the
                  | Orb.
     0 | D:1      | Reached XP level 1. HP: 16/16 MP: 1/1
   286 | D:1      | Reached XP level 2. HP: 20/23 MP: 2/2
   549 | D:1      | Reached skill level 4 in Shapeshifting
   553 | D:1      | Reached XP level 3. HP: 24/28 MP: 3/3
   832 | D:2      | Noticed Sigmund
   846 | D:2      | Killed Sigmund
   847 | D:2      | Reached skill level 5 in Shapeshifting
   847 | D:2      | Reached XP level 4. HP: 24/35 MP: 4/4
   847 | D:2      | Reached XP level 5. HP: 28/40 MP: 5/5
   859 | D:2      | Reached skill level 6 in Shapeshifting
   971 | D:2      | Found a faded altar of an unknown god.
  1505 | D:2      | Found a runed translucent door.
  1506 | D:2      | Noticed Crazy Yiuf
  1828 | D:2      | Killed Crazy Yiuf
  1829 | D:2      | Reached XP level 6. HP: 13/47 MP: 6/6
  2033 | D:3      | Found a basalt altar of Yredelemnul.
  2223 | D:3      | Found a glowing golden altar of the Shining One.
  2472 | D:3      | Found an iron altar of Okawaru.
  2472 | D:3      | Found a sacrificial altar of Ru.
  2794 | D:4      | HP: 1/47 [kobold brigand/+0 short sword (4)]
  2796 | D:4      | Slain by a kobold brigand

Illustrated notes

Levels and vault maps discovered:
D:1:      lightli_arrival_isolated_outpost, layout_rooms, minmay_heptomino_w4
D:2:      layout_basic, serial_curves, eino_curves_03, eino_curves_03,
          shapermc_ecumenical_altar_flowoftime, uniq_crazy_yiuf_cottage,
          uniq_sigmund
D:3:      layout_rooms, mainiacjoe_overflow_concentric_impassable,
          mainiacjoe_overflow_catwalk, nicolae_overflow_two_pavilions,
          minmay_misc_feat_roman
D:4:      layout_layer_cave, uniq_blork_the_orc

Skill      XL: |  1  2  3  4  5 |
---------------+----------------+-----
Shapeshifting  | 4 5 6 |  6.5
Fighting       | |  1.1
Dodging        | |  1.7
Unarmed Combat | |  3.0

Action                     |  1- 3 |  4- 6 || total
---------------------------+-------+-------++-------
  Melee: Unarmed           |    22 |       ||    22
         Whip              |    73 |    60 ||   133
         Tailslap          |     8 |     6 ||    14
         Punch             |     1 |       ||     1
    Use: Potion            |       |     2 ||     2
   Stab: Sleeping          |       |     1 ||     1
 Armour: Skin              |    41 |    26 ||    67
  Dodge: Dodged            |    49 |    39 ||    88
  Block: Buckler           |     7 |     7 ||    14

Table legend: (Time is in decaauts)
 A = Elapsed time spent in this place.
 B = Non-inter-level travel time spent in this place.
 C = Inter-level travel time spent in this place.
 D = Time resting spent in this place.
 E = Time spent auto-exploring this place.
 F = Levels seen in this place.
 G = Mean time per level.
                   A        B        C        D        E       F      G
               +--------+--------+--------+--------+--------+-----+--------+
         Total |   2827 |   2721 |    106 |    156 |   2091 |   4 |  706.8 |
       Dungeon |   2827 |   2721 |    106 |    156 |   2091 |   4 |  706.8 |
               +--------+--------+--------+--------+--------+-----+--------+

Top non-repeatable levels by time:
     D:2: 1244 daAuts
     D:1: 779 daAuts
     D:3: 545 daAuts
     D:4: 258 daAuts
